 Dungeon Crawl Stone Soup version 0.30.1-4-g462c640d31 (webtiles) character file.

Game seed: 1710256595112474853

19858 Wiggles the Severer (level 12, 0/112 HPs)
             Began as a Minotaur Berserker on Aug 29, 2023.
             Was a High Priest of Trog.
             Killed by divine providence
             ... invoked by an orc priest
              (11 damage)
             ... on level 12 of the Dungeon.
             The game lasted 00:20:33 (11393 turns).

Wiggles the Severer (Minotaur Berserker)           Turns: 11393, Time: 00:20:34

Health: 0/112      AC: 31    Str: 26    XL:     12   Next: 40%
Magic:  11/11      EV: 19    Int:  4    God:    Trog [*****.]
Gold:   172        SH:  0    Dex: 11    Spells: 11/11 levels left

rFire   . . .        E - +2 battleaxe (protect)
rCold   + . .        (shield currently unavailable)
rNeg    . . .        o - +3 plate armour {rC+}
rPois   .            (helmet restricted)
rElec   .            v - +0 cloak
rCorr   .            d - +0 pair of gloves
SInv    .            k - +2 pair of boots
Will    .....        (no amulet) Stlth
                     a - +5 ring of evasion
HPRegen 0.38/turn    r - +5 ring of evasion
MPRegen 0.12/turn

%: no passive effects
@: under a protective aura, on berserk cooldown, slowed, very slow
A: horns 2, retaliatory headbutt
a: Renounce Religion, Berserk, Trog's Hand, Brothers in Arms


You were on level 12 of the Dungeon.
You worshipped Trog.
Trog was extremely pleased with you.
You visited 1 branch of the dungeon, and saw 12 of its levels.
You also visited: Ossuary.

You collected 770 gold pieces.
You spent 598 gold pieces at shops.

Inventory:

Hand Weapons
 E - a +2 battleaxe of protection (weapon)
Missiles
 y - a throwing net (quivered)
Armour
 d - a +0 pair of gloves (worn)
 k - a +2 pair of boots (worn)
 o - a +3 plate armour of cold resistance (worn)
 q - the +2 chain mail of the Forsaken Scars {rPois Dex+4}
   (You found it on level 9 of the Dungeon)

   Dex:       It affects your dexterity (+4).
   rPois:     It protects you from poison.
 v - a +0 cloak (worn)
Jewellery
 a - a +5 ring of evasion (left hand)
 e - a ring of fire
 r - a +5 ring of evasion (right hand)
 C - a ring of magical power
 F - a ring of ice
Wands
 t - a wand of paralysis (7)
Scrolls
 b - 3 scrolls of teleportation
 h - a scroll of poison
 i - a scroll of fog
 n - 2 scrolls of blinking
 u - a scroll of butterflies
 B - a scroll of identify
Potions
 c - 2 potions of cancellation
 f - 2 potions of haste
 g - 7 potions of mutation
 j - 3 potions of magic
 l - 6 potions of brilliance
 m - 10 potions of curing
 p - 3 potions of degeneration
 s - 2 potions of lignification
 w - a potion of heal wounds
 x - 2 potions of invisibility
 z - 2 potions of might
 A - a potion of experience
 D - 3 potions of ambrosia


   Skills:
 + Level 12.1 Fighting
 + Level 18.0 Axes
 + Level 11.3 Armour
 + Level 5.3 Dodging
 + Level 1.4 Stealth


You had 11 spell levels left.
You didn't know any spells.
Your spell library was empty.

Dungeon Overview and Level Annotations

Branches:
Dungeon (12/15)            Temple (0/1) D:4            Lair (0/5) D:10
    Orc (0/2) D:10        Ossuary (visited)

Altars:
Ashenzari
Cheibriados
Dithmenos
Fedhas
Hepliaklqana
Kikubaaqudgha
Makhleb
Nemelex Xobeh
Uskayaw
Vehumet
Xom
Yredelemnul
Zin

Shops:
D:1 *   D:6 [   D:8 *   D:11 (

Annotations:
D:12 6 runed translucent doors


Innate Abilities, Weirdness & Mutations

You have a pair of horns on your head.
You reflexively headbutt those who attack you in melee.


Message History

You hit the slime creature.
The boulder beetle bites you but does no damage.
The orc priest hits you but does no damage.
The slime creature closely misses you.
The orc priest calls down the wrath of Beogh upon you.
Beogh smites you!
The boulder beetle bites you but does no damage.
The slime creature barely misses you. You furiously retaliate!
You headbutt the slime creature! You slice the slime creature!!
You kill the slime creature!
Trog accepts your kill.
You hit the boulder beetle but do no damage.
You hit the boulder beetle. The orc priest barely misses you.
The boulder beetle bites you but does no damage.
The boulder beetle bites you.
Your Fighting skill increases to level 12!
You slash the boulder beetle!
You headbutt the boulder beetle, but do no damage.
The boulder beetle is severely wounded.
You slash the boulder beetle! The boulder beetle closely misses you.
You furiously retaliate!
You headbutt the boulder beetle!
The orc priest looks satisfied for a moment.
The boulder beetle bites you!
You slice the boulder beetle!!
You kill the boulder beetle!
Trog accepts your kill.
You slash the boulder beetle! The orc priest misses you.
The boulder beetle barely misses you.
Your Axes skill increases to level 18!
The boulder beetle curls into a ball and begins rolling!
The orc priest closely misses you.
You slash the boulder beetle!
The boulder beetle is heavily wounded.
The boulder beetle hits you!!
* * * LOW HITPOINT WARNING * * *
The boulder beetle stops rolling and uncurls.
The orc priest invokes the aid of Beogh against you.
Beogh smites you!
You die...

.)[.....### ..
.......## ...
......## ...
##.######### ##.#
...).......######...#
.............>##..#
###............†o#
###)..........†..#
#...........##°B@#
#............#####
#.............##
####...........#
###.............
..#.............
...............
......)†...#
.....#[<).##


You could see a boulder beetle and an orc priest.

Vanquished Creatures
  6 two-headed ogres
  3 boulder beetles
  3 cyclopes
  A manticore (D:12)
  2 gargoyles (D:12)
  Maggie (D:8)
  3 unseen horrors
  A komodo dragon (D:11)
  6 trolls
  2 hornets
  A slime creature (D:12)
  A vampire (D:12)
  Sigmund (D:2)
  4 wyverns
  2 shadows
  6 wraiths
  A basilisk (D:12)
  11 yaks
  Grum (D:8)
  A water elemental (D:11)
  4 steam dragons (D:9)
  2 water moccasins
  4 orc warriors
  A black bear (D:8)
  2 wolves (D:8)
  6 centaurs
  A phantom (D:4)
  3 gnoll sergeants
  A kobold brigand (D:9)
  5 bullfrogs
  A scorpion (D:5)
  21 wights
  4 killer bees (D:8)
  4 howler monkeys
  7 electric eels (D:11)
  A lava snake (D:9)
  4 centaur zombies (Ossuary)
  2 jellies
  7 orc priests
  A sleepcap (D:5)
  2 hounds
  13 orc wizards
  Natasha (thrice) (D:3)
  An iguana (D:6)
  3 mummies (Ossuary)
  Robin (D:2)
  16 gnolls
  5 adders
  A river rat (D:5)
  6 worms
  5 dart slugs
  34 orcs
  6 bats
  5 endoplasms
  3 giant cockroaches
  15 goblins
  4 hobgoblins
  17 kobolds
  10 quokkas
  7 ball pythons
  2 frilled lizards (D:1)
  4 hobgoblin zombies (Ossuary)
  10 rats
311 creatures vanquished.

Vanquished Creatures (others)
  An unseen horror (D:12)
1 creature vanquished.

Grand Total: 312 creatures vanquished

Notes
Turn   | Place    | Note
-------+----------+-------------------------------------------
     0 | D:1      | Wiggles the Minotaur Berserker began the quest for the Orb.
     0 | D:1      | Reached XP level 1. HP: 19/19 MP: 0/0
    84 | D:1      | Reached skill level 4 in Axes
    84 | D:1      | Reached XP level 2. HP: 13/27 MP: 1/1
   233 | D:1      | Found Ehippin's General Store.
   645 | D:1      | Reached XP level 3. HP: 33/33 MP: 2/2
   895 | D:2      | Noticed Robin
   908 | D:2      | Killed Robin
   996 | D:2      | Reached XP level 4. HP: 39/41 MP: 3/3
  1301 | D:2      | Reached ** piety under Trog
  1310 | D:2      | Noticed Sigmund
  1318 | D:2      | Killed Sigmund
  1319 | D:2      | Reached skill level 5 in Fighting
  1319 | D:2      | Reached skill level 5 in Axes
  1319 | D:2      | Reached XP level 5. HP: 48/48 MP: 4/4
  1680 | D:3      | Reached skill level 6 in Axes
  1817 | D:3      | Reached XP level 6. HP: 50/56 MP: 5/5
  2052 | D:3      | Noticed Natasha
  2060 | D:3      | Killed Natasha
  2112 | D:3      | Noticed Natasha
  2126 | D:3      | Killed Natasha
  2127 | D:3      | Reached skill level 1 in Stealth
  2291 | D:3      | Noticed Natasha
  2296 | D:3      | Killed Natasha
  2416 | D:4      | Found a staircase to the Ecumenical Temple.
  2693 | D:4      | You fall into a shaft and drop 1 floor!
  2693 | D:5      | Entered Level 5 of the Dungeon
  3064 | D:4      | Reached *** piety under Trog
  3079 | D:5      | Reached XP level 7. HP: 48/62 MP: 6/6
  3082 | D:5      | Reached skill level 7 in Axes
  3198 | D:5      | Found a sand-covered staircase.
  3212 | Ossuary  | Entered an ossuary
  3305 | Ossuary  | Reached skill level 5 in Armour
  3444 | D:5      | Found a shadowy altar of Dithmenos.
  3453 | D:5      | Found a hazy altar of Hepliaklqana.
  3475 | D:5      | Reached skill level 8 in Axes
  3598 | D:5      | Reached XP level 8. HP: 71/71 MP: 7/7
  3921 | D:5      | Found a snail-covered altar of Cheibriados.
  3941 | D:5      | Reached **** piety under Trog
  4221 | D:6      | Reached skill level 9 in Axes
  4505 | D:6      | Reached skill level 10 in Axes
  4584 | D:6      | Found Wita's Antique Armour Emporium.
  4970 | D:6      | Reached XP level 9. HP: 79/79 MP: 8/8
  5766 | D:7      | Found a sparkling altar of Nemelex Xobeh.
  5767 | D:7      | Found a burning altar of Makhleb.
  5767 | D:7      | Found an ancient bone altar of Kikubaaqudgha.
  5769 | D:7      | Reached skill level 11 in Axes
  6037 | D:7      | Found a broken altar of Ashenzari.
  6037 | D:7      | Found a hide-covered altar of Uskayaw.
  6037 | D:7      | Found a radiant altar of Vehumet.
  6037 | D:7      | Found a blossoming altar of Fedhas.
  6039 | D:7      | Found a basalt altar of Yredelemnul.
  6179 | D:8      | Reached skill level 12 in Axes
  6260 | D:8      | Found Fobbieh's Demolitions Depot.
  6576 | D:8      | Noticed Grum
  6591 | D:8      | Killed Grum
  6620 | D:8      | Reached ***** piety under Trog
  6621 | D:8      | Reached skill level 13 in Axes
  6662 | D:8      | Reached XP level 10. HP: 88/88 MP: 9/9
  6734 | D:8      | Noticed Maggie
  6740 | D:8      | Killed Maggie
  7227 | D:9      | Noticed an angel
  7230 | D:9      | Found a shimmering altar of Xom.
  7235 | D:9      | Found a glowing silver altar of Zin.
  7508 | D:9      | Reached skill level 14 in Axes
  7778 | D:6      | Bought a shiny plate armour for 598 gold pieces
  7927 | D:9      | Identified the +2 chain mail of the Forsaken Scars {rPois
                  | Dex+4}
  8040 | D:9      | Noticed a two-headed ogre
  8047 | D:9      | Killed a two-headed ogre
  8079 | D:9      | Reached skill level 15 in Axes
  8570 | D:10     | Entered Level 10 of the Dungeon
  8612 | D:10     | Found a staircase to the Orcish Mines.
  8695 | D:10     | Found a staircase to the Lair.
  8742 | D:10     | Received a gift from Trog
  9118 | D:10     | Reached XP level 11. HP: 97/97 MP: 10/10
  9279 | D:11     | Noticed a two-headed ogre
  9286 | D:11     | Killed a two-headed ogre
  9560 | D:11     | Noticed a boulder beetle
  9565 | D:11     | Noticed a two-headed ogre
  9565 | D:11     | Paralysed by a hornet for 1 turns
  9573 | D:11     | Killed a two-headed ogre
  9574 | D:11     | Reached skill level 10 in Fighting
  9574 | D:11     | Reached skill level 16 in Axes
  9586 | D:11     | Killed a boulder beetle
  9595 | D:11     | Noticed a two-headed ogre
  9603 | D:11     | Killed a two-headed ogre
  9604 | D:11     | Reached skill level 10 in Armour
 10093 | D:11     | Found Jolusa Qezi's Weapon Boutique.
 10843 | D:12     | Reached skill level 17 in Axes
 10929 | D:12     | Reached skill level 5 in Dodging
 10945 | D:12     | Reached XP level 12. HP: 110/110 MP: 11/11
 10953 | D:12     | Found a large runed translucent door.
 10954 | D:12     | Found a large runed translucent door.
 10961 | D:12     | Found a large runed translucent door.
 10961 | D:12     | Noticed a frost giant
 10961 | D:12     | Noticed a two-headed ogre
 10962 | D:12     | Found a large runed translucent door.
 10962 | D:12     | a two-headed ogre changed into a glowing orange brain
 10978 | D:12     | Noticed a two-headed ogre
 10988 | D:12     | Killed a two-headed ogre
 11048 | D:12     | Noticed a two-headed ogre
 11077 | D:12     | Killed a two-headed ogre
 11077 | D:12     | Noticed a boulder beetle
 11088 | D:12     | Killed a boulder beetle
 11295 | D:12     | Found a large runed translucent door.
 11298 | D:12     | Found a large runed translucent door.
 11301 | D:12     | a sea snake changed into an anaconda
 11301 | D:12     | Noticed an anaconda (glowing shapeshifter)
 11307 | D:12     | an anaconda changed into a fire dragon
 11307 | D:12     | Noticed a fire dragon (glowing shapeshifter)
 11358 | D:12     | Noticed a boulder beetle
 11359 | D:12     | Noticed a boulder beetle
 11391 | D:12     | Killed a boulder beetle
 11392 | D:12     | Reached skill level 18 in Axes
 11393 | D:12     | Killed from afar by an orc priest

Illustrated notes

Levels and vault maps discovered:
D:1:      tarquinn_simple_flora_water_c, layout_basic, serial_shops, shop
D:2:      layout_basic, minmay_surrounded, uniq_sigmund, uniq_robin
D:3:      layout_basic, uniq_natasha
D:4:      layout_loops_ring, minmay_temple_entry_crystal_x,
          minmay_misc_feat_ornament, hangedman_decor_riveting,
          nrook_mini_vaults, minivault_27
D:5:      layout_cave_pods, mainiacjoe_overflow_concentric_impassable,
          grunt_dithmenos_smoke, nicolae_hepliaklqana_hazy_memory,
          gup_sewer_entry_bubbles, lightli_ossuary_entry_decrepit_ruins
D:6:      layout_layer_cave, serial_shops, shop
D:7:      layout_rooms, grunt_temple_overflow_open
D:8:      layout_basic, hangedman_abyss_or_decor_passed,
          minmay_misc_feat_four_crosses, nicolae_blasting_shop, moated_statue,
          uniq_maggie, uniq_grum
D:9:      kennysheep_steamy, layout_irregular_city,
          grunt_temple_overflow_order_and_chaos_1, kennysheep_opposing_triangles
D:10:     layout_roguey, dpeg_oklobed_lair, orc_0_dummy,
          kennysheep_generic_room_9
D:11:     layout_cave_pools, serial_shops, nicolae_shop_rolling_square,
          serial_bayou, serial_bayou_pond_b, serial_bayou_shore_b,
          serial_bayou_lake_a, serial_bayou_lagoon_b
D:12:     minmay_five_octagons, layout_cross

Skill      XL: |  1  2  3  4  5  6  7  8  9 10 11 12 |
---------------+-------------------------------------+-----
Fighting       | 4 5 6 7 8 9 11 12 | 12.1
Axes           | 4 5 6 8 10 13 15 17 18 | 18.0
Armour         | 3 4 5 7 8 9 10 11 | 11.3
Dodging        | 3 4 5 |  5.3
Stealth        | 1 |  1.4

Action                     |  1- 3 |  4- 6 |  7- 9 | 10-12 || total
---------------------------+-------+-------+-------+-------++-------
  Melee: Hand axe          |    61 |   114 |    43 |       ||   218
         Headbutt          |     5 |    21 |    53 |    61 ||   140
         Punch             |       |     1 |     1 |       ||     2
         War axe           |       |       |    87 |       ||    87
         Battleaxe         |       |       |   119 |   285 ||   404
 Invoke: Berserk           |     2 |     2 |     3 |     8 ||    15
  Evoke: Wand              |       |       |       |     2 ||     2
    Use: Scroll            |       |       |    23 |     7 ||    30
 Armour: Animal skin       |     2 |       |       |       ||     2
         Leather armour    |    13 |     4 |       |       ||    17
         Chain mail        |       |    47 |   130 |    26 ||   203
         Plate armour      |       |       |       |   183 ||   183
  Dodge: Dodged            |    28 |    61 |   210 |   321 ||   620
